 Dungeon Crawl Stone Soup version 0.32-a0-859-gb0a091d592 (webtiles) character file.

Game seed: 18263427226588104871

215 javelincjr the Trooper (level 5, -3/53 HPs)
             Began as a Troll Hunter on Mar 27, 2024.
             Slain by a water moccasin (7 damage)
             ... on level 6 of the Dungeon.
             The game lasted 00:04:40 (1303 turns).

javelincjr the Trooper (Troll Hunter)               Turns: 1303, Time: 00:04:40

Health: -3/53      AC:  4    Str: 19    XL:     5   Next: 60%
Magic:  4/4        EV:  9    Int:  5    God:
Gold:   63         SH:  5    Dex: 15    Spells: 4/4 levels left

rFire   . . .        a - +0 shortbow
rCold   . . .        (shield currently unavailable)
rNeg    . . .        c - +0 robe
rPois   .            (helmet restricted)
rElec   .            (no cloak)
rCorr   .            (gloves unavailable)
SInv    .            (boots unavailable)
Will    .....        m - amulet of reflection
Stlth   ++           (no ring)
HPRegen 1.08/turn    (no ring)
MPRegen 0.09/turn

%: reflection
@: lethally poisoned (-3 -> -5)
A: large, unfitting armour, claws 3, regeneration 1, shaggy fur 1, tough skin 1
a: no special abilities


You were on level 6 of the Dungeon.
You visited 1 branch of the dungeon, and saw 5 of its levels.

You collected 63 gold pieces.

Inventory:

Hand Weapons
 a - a +0 shortbow (weapon)
 p - a +0 dagger of protection
Missiles
 k - 5 boomerangs
 o - 2 javelins
Armour
 c - a +0 robe (worn)
Jewellery
 m - an amulet of reflection (around neck)
Wands
 j - a wand of light (7)
Scrolls
 b - a scroll of butterflies
 d - a scroll of noise {unknown}
 e - 3 scrolls of identify {unknown}
 i - 2 scrolls of teleportation {unknown}
 l - a scroll of amnesia {unknown}
Potions
 f - 2 potions of heal wounds {unknown}
 g - a potion of curing
 h - a potion of degeneration {unknown}
 n - a potion of lignification {unknown}


   Skills:
 * Level 3.3 Fighting
 + Level 3.2 Ranged Weapons
 + Level 2.5 Dodging
 + Level 1.4 Stealth


You had 4 spell levels left.
You didn't know any spells.
Your spell library was empty.

Dungeon Overview and Level Annotations

Branches:
Dungeon (7/15)
 Temple: D:4-7

Altars:


Innate Abilities, Weirdness & Mutations

You are too large for most types of armour.
You have claws for hands.
Your natural rate of healing is unusually fast.
You are covered in fur. (AC +1)
You have tough skin. (AC +1)


Message History

You shoot an arrow.
The arrow hits the water moccasin but does no damage.
The water moccasin is almost dead.
The water moccasin completely misses you.
The water moccasin bites you!
* * * LOW HITPOINT WARNING * * *
You are lethally poisoned!
The water moccasin poisons you!
Fire: a) +0 shortbow
Press: ? - help, Q - select action, (/) - cycle Shift-Dir - straight line, f/p - water moccasin
Aim: a water moccasin (almost dead, blind, unable to see you, 42% to hit)
Okay, then.
You feel better. The water moccasin closely misses you.
Fire: a) +0 shortbow
Press: ? - help, Q - select action, (/) - cycle Shift-Dir - straight line, f/p - water moccasin
Aim: a water moccasin (almost dead, blind, unable to see you, 42% to hit)
You shoot an arrow.
The arrow barely misses the water moccasin.
The water moccasin is no longer blind.
The water moccasin closely misses you. The water moccasin bites you.
* * * LOW HITPOINT WARNING * * *
Fire: a) +0 shortbow
Press: ? - help, Q - select action, (/) - cycle Shift-Dir - straight line, f/p - water moccasin
Aim: a water moccasin (almost dead, 42% to hit)
You shoot an arrow.
The arrow closely misses the water moccasin.
The water moccasin bites you.
* * * LOW HITPOINT WARNING * * *
You are poisoned.
The water moccasin poisons you! The water moccasin misses you.
Fire: a) +0 shortbow
Press: ? - help, Q - select action, (/) - cycle Shift-Dir - straight line, f/p - water moccasin
Aim: a water moccasin (almost dead, 42% to hit)
You shoot an arrow.
The arrow barely misses the water moccasin.
* * * LOW HITPOINT WARNING * * *
You feel very sick.
The water moccasin bites you but does no damage.
The water moccasin bites you!
You die...

############
#..@S......#
#.########.# #.#
##############.#
.............#.#
###.....####.#.#
#.....# #.#.########.
#)....####.†..........
............#..........


You could see a water moccasin.

Vanquished Creatures
  A scorpion (D:6)
  A bombardier beetle (D:3)
  A jelly (D:6)
  A sleepcap (D:6)
  3 adders
  A dart slug (D:2)
  A ball python (D:3)
  3 endoplasms
  5 goblins
  2 hobgoblins (D:1)
  4 jackals (D:2)
  5 kobolds
  2 quokkas
  4 bats
  A frilled lizard (D:1)
  2 rats
37 creatures vanquished.

Notes
Turn   | Place    | Note
-------+----------+-------------------------------------------
     0 | D:1      | javelincjr the Troll Hunter began the quest for the Orb.
     0 | D:1      | Reached XP level 1. HP: 19/19 MP: 0/0
   220 | D:1      | Reached XP level 2. HP: 28/28 MP: 1/1
   674 | D:2      | Reached XP level 3. HP: 28/35 MP: 2/2
   922 | D:3      | Found a faded altar of an unknown god.
   961 | D:3      | Reached skill level 1 in Stealth
  1088 | D:3      | Reached XP level 4. HP: 15/44 MP: 3/3
  1129 | D:3      | You fall into a shaft and drop 3 floors!
  1207 | D:6      | Reached XP level 5. HP: 53/53 MP: 4/4
  1284 | D:6      | Noticed a water moccasin
  1303 | D:6      | Slain by a water moccasin

Illustrated notes

Levels and vault maps discovered:
D:1:      minmay_arrival_four_circles, layout_rooms
D:2:      layout_rooms
D:3:      layout_basic, general_overflow_altar,
          chequers_ecumenical_altar_simple_redux
D:6:      layout_basic, serial_shops, nicolae_shop_tiny_real_fake_doors,
          minmay_bent
D:7:      layout_layer_cave, mainiacjoe_overflow_cross_hatched,
          gammafunk_ghost_arena, uniq_maurice

Skill      XL: |  1  2  3  4 |
---------------+-------------+-----
Fighting       | 2 3 |  3.3
Dodging        | 2 |  2.5
Stealth        | 1 |  1.4
Ranged Weapons | 3 |  3.2

Action                     |  1- 3 |  4- 6 || total
---------------------------+-------+-------++-------
   Fire: Shortbow          |   139 |    46 ||   185
  Evoke: Wand              |       |     2 ||     2
    Use: Potion            |       |     2 ||     2
 Armour: Robe              |    46 |    30 ||    76
  Dodge: Dodged            |    30 |    25 ||    55
  Block: Other             |     3 |     5 ||     8

Table legend: (Time is in decaauts)
 A = Elapsed time spent in this place.
 B = Non-inter-level travel time spent in this place.
 C = Inter-level travel time spent in this place.
 D = Time resting spent in this place.
 E = Time spent auto-exploring this place.
 F = Levels seen in this place.
 G = Mean time per level.
                   A        B        C        D        E       F      G
               +--------+--------+--------+--------+--------+-----+--------+
         Total |   1349 |   1314 |     35 |     48 |    838 |   5 |  269.8 |
       Dungeon |   1349 |   1314 |     35 |     48 |    838 |   5 |  269.8 |
               +--------+--------+--------+--------+--------+-----+--------+

Top non-repeatable levels by time:
     D:2: 496 daAuts
     D:1: 450 daAuts
     D:3: 217 daAuts
     D:6: 183 daAuts
     D:7: 1 daAuts
